 Dungeon Crawl Stone Soup version 0.21.1-1-g345015fe64 (webtiles) character file.

4424 Gargoyl the Covered (level 10, -5/83 HPs)
             Began as a Centaur Abyssal Knight on Apr 21, 2018.
             Was a Priest of Lugonu.
             Slain by a black mamba (14 damage)
             ... on level 1 of the Lair of Beasts.
             The game lasted 00:16:15 (9361 turns).

Gargoyl the Covered (Centaur Abyssal Knight)        Turns: 9361, Time: 00:16:16

Health: -5/83      AC: 12    Str: 19    XL:     10   Next: 14%
Magic:  9/13       EV:  2    Int: 11    God:    Lugonu [***...]
Gold:   148        SH:  8    Dex: 14    Spells: 9/9 levels left

rFire    . . .     SeeInvis .   a - +1 hand axe
rCold    . . .     Gourm    .   s - +0 shield
rNeg     . . .     Faith    .   e - +1 plate armour
rPois    .         Spirit   .   (no helmet)
rElec    .         Reflect  .   (no cloak)
rCorr    .         Harm     .   (no gloves)
MR       +....                  (no barding)
Stlth    ..........             f - amulet of regeneration
HPRegen  0.63/turn              d - +3 ring of dexterity
MPRegen  0.13/turn              x - +3 ring of strength

@: very quick
A: large, hooves 3, deformed body, speed 2, low mp 1, magic resistance 1,
screaming 1, tough skin 3
a: Depart the Abyss, Bend Space, Banish, Renounce Religion


You were on level 1 of the Lair of Beasts.
You worshipped Lugonu.
Lugonu was most pleased with you.
You were not hungry.

You visited 2 branches of the dungeon, and saw 9 of its levels.
You visited the Abyss 1 time.

You collected 372 gold pieces.
You spent 224 gold pieces at shops.

Inventory:

Hand Weapons
 a - a +1 hand axe (weapon)
Missiles
 h - 8 tomahawks (quivered)
Armour
 e - a +1 plate armour (worn)
 g - a +0 helmet
 s - a +0 shield (worn)
Jewellery
 d - a +3 ring of dexterity (left hand)
 f - an amulet of regeneration (around neck)
 o - an uncursed ring of positive energy
 q - an uncursed ring of resist corrosion
 x - a +3 ring of strength (right hand)
 A - an uncursed ring of positive energy
Wands
 b - a wand of flame (30)
 i - a wand of acid (6)
 B - a wand of disintegration (9)
 C - a wand of iceblast (18)
Scrolls
 j - a scroll of magic mapping
 y - 5 scrolls of remove curse
 z - 2 scrolls of teleportation
Potions
 k - a potion of flight
 m - a potion of heal wounds
 p - a potion of curing
 v - a potion of brilliance
 w - a potion of invisibility
Books
 r - a book of Maledictions

   Spells                             Type                      Level
   a - Corona                         Hexes                        1
   b - Ensorcelled Hibernation        Hexes/Ice                    2
   c - Confuse                        Hexes                        3
   d - Tukima's Dance                 Hexes                        3
   e - Dazzling Spray                 Conjuration/Hexes            3
 t - a book of Air

   Spells                             Type                      Level
   a - Shock                          Conjuration/Air              1
   b - Swiftness                      Charms/Air                   2
   c - Static Discharge               Conjuration/Air              3
   d - Airstrike                      Air                          4
   e - Lightning Bolt                 Conjuration/Air              5
Comestibles
 c - 21 rations
 l - 10 chunks of flesh


   Skills:
 + Level 6.0 Fighting
 + Level 6.8 Axes
 + Level 1.0 Throwing
 * Level 7.7 Armour
 + Level 1.3 Dodging
 + Level 1.5 Shields
 * Level 6.6 Invocations


You had 9 spell levels left.
You didn't know any spells.

Dungeon Overview and Level Annotations

Branches:
Dungeon (8/15)             Temple (0/1) D:4            Lair (1/6) D:8

Altars:
Cheibriados
Makhleb
Nemelex Xobeh
Uskayaw
Yredelemnul

Shops:
D:8 !


Innate Abilities, Weirdness & Mutations

You have hooves in place of feet.
Armour fits poorly on your strangely shaped body.
You cover ground very quickly.
You have extremely tough skin. (AC +3)
Your magical capacity is low. (-10% MP)
You are resistant to hostile enchantments. (MR+)
You occasionally shout uncontrollably at your foes.


Message History

You are more poisoned.
The black mamba poisons you! The black mamba bites you!
You hit the black mamba.
The black mamba is moderately wounded.
You feel very sick. The black mamba bites you!
* * * LOW HITPOINT WARNING * * *
You are more poisoned.
The black mamba poisons you! The black mamba bites you.
* * * LOW HITPOINT WARNING * * *
You feel better.
The black mamba bites you but does no damage.
Press: ? - help, Shift-Dir - straight line, f - black mamba
Aim: a black mamba (moderately wounded, chance to defeat MR: 84%)
The black mamba barely resists.
You feel somewhat more hungry.
You can no longer corrupt the fabric of space.
The black mamba bites you!
* * * LOW HITPOINT WARNING * * *
The black mamba bites you!
You die...

....... ....... ....... .......##
........# .................##
................S.#
...............#@.# ###......
...............#..## .........
...............##..# ##..P......
...............###.####.# #......
...............####.##..# #......
................# ##.#..###......
...............#. #.....###.....
.##.............####.............
##.......######.............#..


You could see a black mamba.

Vanquished Creatures
  Joseph (D:7)
  2 wyverns (D:8)
  5 yaks (Lair:1)
  2 basilisks
  Eustachio (D:5)
  A water moccasin (Lair:1)
  Duvessa (D:7)
  An ice beast (D:4)
  A black bear (D:4)
  3 phantoms
  2 centaurs
  2 ogres (D:4)
  2 crocodiles
  4 bullfrogs
  Dowan (D:7)
  4 killer bees (D:8)
  5 howler monkeys
  2 hounds
  2 orc priests
  6 orc wizards
  A centaur skeleton (D:7)
  An iguana (D:4)
  Jessica (D:2)
  Natasha (D:1)
  3 worker ants
  A killer bee zombie (D:6)
  Robin (D:2)
  6 adders
  2 worms
  A dart slug (D:2)
  8 leopard geckos
  18 orcs
  7 giant cockroaches
  14 goblins
  10 hobgoblins
  10 jackals
  3 quokkas
  A ball python (D:4)
  7 bats
  5 frilled lizards
  7 kobolds
  A leopard gecko skeleton (D:6)
  A quokka skeleton (D:4)
  4 rats
162 creatures vanquished.

Vanquished Creatures (others)
  A black mamba (Lair:1)
  A swamp drake (D:8)
  A crimson imp (D:8)
3 creatures vanquished.

Grand Total: 165 creatures vanquished

Notes
Turn   | Place    | Note
-------+----------+-------------------------------------------
     0 | Abyss:1  | Gargoyl the Centaur Abyssal Knight began the quest for the Orb.
     0 | Abyss:1  | Reached XP level 1. HP: 19/19 MP: 2/2
    85 | Abyss:2  | Noticed a large abomination
    87 | Abyss:3  | Found a corrupted altar of Lugonu.
   143 | Abyss:4  | Noticed a rakshasa
   144 | D:1      | Escaped the Abyss
   366 | D:1      | You fall through a shaft!
   378 | D:2      | Reached XP level 2. HP: 8/26 MP: 3/3
   689 | D:1      | Reached * piety under Lugonu
  1152 | D:1      | Reached XP level 3. HP: 31/31 MP: 4/4
  1408 | D:2      | Noticed Natasha
  1415 | D:1      | Killed Natasha
  1415 | D:1      | Reached skill level 2 in Armour
  1496 | D:2      | Reached XP level 4. HP: 38/40 MP: 5/5
  1530 | D:2      | Noticed Robin
  1549 | D:2      | Killed Robin
  1644 | D:2      | Noticed Jessica
  1649 | D:2      | Killed Jessica
  1723 | D:2      | Reached ** piety under Lugonu
  1739 | D:2      | Reached XP level 5. HP: 44/46 MP: 7/7
  2128 | D:2      | Found a basalt altar of Yredelemnul.
  2132 | D:2      | Found a sparkling altar of Nemelex Xobeh.
  2134 | D:2      | Found a burning altar of Makhleb.
  2589 | D:3      | Reached skill level 3 in Armour
  2953 | D:4      | Found a staircase to the Ecumenical Temple.
  2975 | D:4      | Reached XP level 6. HP: 28/52 MP: 8/8
  3100 | D:4      | Reached *** piety under Lugonu
  3426 | D:4      | Reached XP level 7. HP: 47/60 MP: 9/9
  3889 | D:5      | Entered Level 5 of the Dungeon
  4050 | D:5      | Noticed Eustachio
  4076 | D:4      | Reached skill level 4 in Armour
  4076 | D:4      | Reached skill level 1 in Dodging
  4216 | D:4      | Reached skill level 1 in Throwing
  4308 | D:5      | HP: 3/60 [Eustachio/rapier (7)]
  4317 | D:5      | Killed Eustachio
  4317 | D:5      | Reached XP level 8. HP: 24/67 MP: 9/11
  5123 | D:6      | Found a snail-covered altar of Cheibriados.
  5272 | D:6      | Reached skill level 5 in Axes
  5359 | D:6      | Reached skill level 5 in Armour
  5457 | D:6      | Found a hide-covered altar of Uskayaw.
  5938 | D:7      | Reached skill level 5 in Fighting
  5964 | D:7      | Reached **** piety under Lugonu
  6015 | D:7      | Noticed Dowan
  6017 | D:7      | Noticed Duvessa
  6042 | D:7      | Killed Duvessa
  6043 | D:7      | Killed Dowan
  6135 | D:7      | Noticed Joseph
  6166 | D:7      | Killed Joseph
  6166 | D:7      | Reached skill level 6 in Armour
  6166 | D:7      | Reached skill level 5 in Invocations
  6166 | D:7      | Reached XP level 9. HP: 18/74 MP: 12/12
  6284 | D:7      | Found a hide-covered altar of Uskayaw.
  7030 | D:8      | Gained mutation: You are frail. (-10% HP) [potion of mutation]
  7030 | D:8      | Gained mutation: You have a pair of small horns on your head. [potion of mutation]
  7036 | D:8      | HP: 3/66 [killer bee (1)]
  7318 | D:8      | Found Wioreom's Distillery.
  7323 | D:8      | Bought a potion of curing for 48 gold pieces
  7323 | D:8      | Bought a potion of curing for 48 gold pieces
  7323 | D:8      | Bought a potion of mutation for 128 gold pieces
  7323 | D:8      | Lost mutation: You are frail. (-10% HP) [potion of mutation]
  7323 | D:8      | Lost mutation: You have a pair of small horns on your head. [potion of mutation]
  7323 | D:8      | Gained mutation: You occasionally shout uncontrollably at your foes. [potion of mutation]
  7323 | D:8      | Gained mutation: Your magical capacity is low. (-10% MP) [potion of mutation]
  7323 | D:8      | Gained mutation: You are resistant to hostile enchantments. (MR+) [potion of mutation]
  8151 | D:8      | Reached skill level 1 in Shields
  8366 | D:8      | Found a staircase to the Lair.
  8475 | Lair:1   | Entered Level 1 of the Lair of Beasts
  8569 | Lair:1   | Reached skill level 7 in Armour
  8982 | Lair:1   | Noticed a black mamba
  8988 | Lair:1   | Banished a black mamba
  8988 | Lair:1   | Reached XP level 10. HP: 35/83 MP: 13/13
  9353 | Lair:1   | Noticed a black mamba
  9361 | Lair:1   | Slain by a black mamba

Skill      XL: |  1  2  3  4  5  6  7  8  9 |
---------------+----------------------------+-----
Axes           | 2 3 4 5 6 |  6.8
Armour         | 2 3 4 6 7 |  7.7
Fighting       | 4 5 6 |  6.0
Invocations    | 3 4 5 6 |  6.6
Dodging        | 1 |  1.3
Throwing       | 1 |  1.0
Shields        | 1 |  1.5

Action                   |  1- 3 |  4- 6 |  7- 9 | 10-12 || total
-------------------------+-------+-------+-------+-------++-------
Melee: Hand axe          |    58 |   172 |   497 |    32 ||   759
       Kick              |    13 |    28 |   140 |    17 ||   198
       Headbutt          |       |       |     5 |       ||     5
Throw: Tomahawk          |       |     8 |     2 |       ||    10
Invok: Depart the Abyss  |     1 |       |       |       ||     1
       Banish            |       |       |     1 |     2 ||     3
  Use: Scroll            |     2 |     5 |     7 |     1 ||    15
       Potion            |     1 |       |    13 |     1 ||    15
 Stab: Confused          |       |       |     3 |       ||     3
  Eat: Chunk             |     1 |     5 |    14 |     3 ||    23
Armor: Plate armour      |    98 |   189 |   383 |     9 ||   679
       Chain mail        |       |       |    50 |       ||    50
Dodge: Dodged            |     5 |    24 |    77 |     1 ||   107
Block: Shield            |       |       |    80 |     7 ||    87
